 Dungeon Crawl Stone Soup version 0.23.2 (webtiles) character file.

Game seed: 3069722296176506366

8713 VentiIcedCoffee the Slicer (level 11, 0/72 HPs)
             Began as a Demonspawn Gladiator on Apr 13, 2019.
             Was a Believer of Hepliaklqana.
             Slain by a fire bat (8 damage)
             ... in a Gauntlet on Apr 14, 2019.
             The game lasted 01:04:41 (9714 turns).

VentiIcedCoffee the Slicer (Demonspawn Gladiator)   Turns: 9714, Time: 01:04:43

Health: 0/72       AC: 22    Str: 16    XL:     11   Next: 13%
Magic:  11/11      EV:  8    Int: 10    God:    Hepliaklqana [**....]
Gold:   555        SH: 11    Dex: 22    Spells: 10/10 levels left

rFire    . . .     SeeInvis .   S - +9 flail (crush)
rCold    . . .     Gourm    .   b - +0 shield {rN+}
rNeg     + . .     Faith    +   D - +4 shadow dragon scales
rPois    .         Spirit   .   c - +0 helmet
rElec    .         Reflect  .   m - +0 cloak
rCorr    .         Harm     .   (no gloves)
MR       .....     NoTele   +   (no boots)
Stlth    +++++.....             o - amulet of faith
HPRegen  0.22/turn              l - +6 ring of dexterity
MPRegen  0.12/turn              (no ring)

@: very slightly contaminated, invisible
A: reduced essence, icy blue scales 2, demonic guardian 1, nightstalker 1
a: Recall Ancestor, Ancestor Identity, Renounce Religion


You were in a Gauntlet.
You worshipped Hepliaklqana.
Hepliaklqana was pleased with you.
You were not hungry.

You visited 2 branches of the dungeon, and saw 13 of its levels.
You also visited: Sewer, Ossuary and Gauntlet.

You collected 555 gold pieces.

Inventory:

Hand Weapons
 a - a +0 flail
 f - a +2 short sword of venom
 n - a +3 dagger of draining
 A - a +0 battleaxe
 S - a +9 flail of crushing (weapon)
Missiles
 d - a throwing net (quivered)
Armour
 b - a +0 shield of positive energy (worn)
 c - a +0 helmet (worn)
 k - a +0 chain mail of cold resistance
 m - a +0 cloak (worn)
 D - +4 shadow dragon scales (worn)
Jewellery
 i - an uncursed ring of ice
 l - a +6 ring of dexterity (left hand)
 o - an amulet of faith (around neck)
 B - an uncursed amulet of guardian spirit
 C - a +5 ring of slaying
 E - an uncursed ring of magical power
 O - a +4 ring of evasion {unknown}
Wands
 p - a wand of random effects (16)
 K - a wand of iceblast (14)
 L - a wand of digging (5)
 M - a wand of clouds (5)
 N - a wand of scattershot (8)
Scrolls
 e - 4 scrolls of blinking
 h - 10 scrolls of remove curse
 r - 3 scrolls of teleportation
 u - 2 scrolls of magic mapping {unknown}
 F - a scroll of identify
 G - 3 scrolls of brand weapon
 P - a scroll of noise {unknown}
 Q - 2 scrolls of immolation {unknown}
Potions
 g - a potion of flight
 q - a potion of might {unknown}
 s - 6 potions of curing
 t - a potion of lignification {unknown}
 v - a potion of magic {unknown}
 w - a potion of agility {unknown}
 x - a potion of heal wounds
 H - 2 potions of cancellation
 I - a potion of mutation {unknown}
 J - a potion of haste {unknown}
 R - a potion of degeneration {unknown}
Comestibles
 z - 4 rations


   Skills:
 + Level 5.3 Fighting
 + Level 8.0 Short Blades
 + Level 5.4 Maces & Flails
 + Level 2.2 Throwing
 + Level 6.8 Armour
 + Level 4.6 Dodging
 + Level 5.2 Stealth
 + Level 7.3 Shields
 + Level 0.3 Evocations


You had 10 spell levels left.
You didn't know any spells.
Your spell library contained the following spells:

 Spells                   Type           Power        Failure   Level  Hunger
 Summon Small Mammal      Summ           #...         100%        1    ##.....
 Call Imp                 Summ           #.......     100%        2    ###....
 Call Canine Familiar     Summ           #.......     100%        3    ####...
 Summon Guardian Golem    Hex/Summ       #.......     100%        3    ####...
 Summon Ice Beast         Ice/Summ       #.......     100%        4    #####..
 Summon Lightning Spire   Summ/Air       #.......     100%        4    #####..
 Irradiate                Conj/Tmut      #.........   100%        5    ######.
 Hydra Form               Tmut           #.........   100%        6    #######
 Statue Form              Tmut/Erth      #........    100%        6    #######
 Dragon Form              Tmut           #.........   100%        7    #######


Dungeon Overview and Level Annotations

Branches:
Dungeon (12/15)            Temple (1/1) D:7            Lair (0/6) D:9
    Orc: D:9-12

Altars:
Ashenzari
Cheibriados
Dithmenos
Elyvilon
Fedhas
Gozag
Hepliaklqana
Kikubaaqudgha
Makhleb
Nemelex Xobeh
Okawaru
Qazlal
Ru
Sif Muna
Trog
Uskayaw
Vehumet
Wu Jian
Xom
Yredelemnul
Zin
The Shining One

Annotations:
D:10 exclusion: obsidian statue Gauntlet 6 transporters, exclusion: oklob plant


Innate Abilities, Weirdness & Mutations

You are mostly covered in icy blue scales. (AC +3)
A weak demonic guardian rushes to your aid.
You are slightly more attuned to the shadows.
Your life essence is reduced to manifest your ancestor. (-10% HP)


Message History

The fire bat bites you but does no damage.
The fire bat bites your iron imp.
Your iron imp is engulfed in flames.
Your iron imp completely resists.
Your shadow dragon scales prevents you from hitting the fire bat.
The fire bat is almost dead.
The fire bat bites you but does no damage.
The fire bat enters a dispersal trap!
The fire bat blinks!
Your iron imp blinks!
The fire crab blinks!
The fire bat blinks! x2; You blink.
The fire bat blinks!
The fire bat bites you but does no damage.
The fire bat barely misses your iron imp.
The fire bat bites you but does no damage.
The fire bat bites your iron imp.
Your iron imp is engulfed in flames.
Your iron imp completely resists.
Your iron imp hits the fire bat.
The fire bat dies!
The fire bat bites you.
* * * LOW HITPOINT WARNING * * *
You are engulfed in flames!
You die...

z#...#.##.##h#...#[...#..#
z#.8.#phhhhhh#.8.#.....5p#
##...#########...#########
...8.#...R.....8.#........
##...#########...#########
.#.8.#.......#.8.#^......#
3#...#.####..#...#D.####.#
8#.8.#^..^b#.#.8.#.#..^#.#
##©.©####@^#.#©.©#©#.©.#.#
8#####.bt#.#.#####.#^..#[#
.#...##§.#5#.#...#$####..#
.#.8.#©#.#^§.#.8.#P.....^#
##...#########...#########
........................
≈≈#≈≈≈#≈≈≈#≈≈≈#≈≈≈#≈≈≈#
##≈###≈###≈###≈###≈## ##
## ## ## ###


You could see the friendly Busisiwe the hexer, a fire crab (wandering), 2 fire
bats and a friendly iron imp.

Vanquished Creatures
  2 tengu warriors (D:11)
  Joseph (D:9)
  A komodo dragon (D:8)
  A troll (D:11)
  A hippogriff (D:11)
  4 yaks (D:10)
  Grum (D:11)
  Edmund (D:6)
  An acid dragon (Gauntlet)
  2 porcupines (D:9)
  2 phantoms
  2 ice beasts (D:6)
  3 sky beasts
  2 black bears
  3 ogres
  2 wolves (D:11)
  4 centaurs
  Blork the orc (D:6)
  5 bullfrogs
  A wyvern zombie (D:12)
  3 water moccasin zombies (Ossuary)
  A wyvern skeleton (D:9)
  2 scorpions
  6 killer bees
  A howler monkey (D:8)
  7 wights (D:11)
  3 crimson imps
  A jelly (D:9)
  2 bullfrog zombies
  4 hounds
  2 centaur skeletons
  2 orc priests
  5 orc wizards
  4 worker ants
  Terence (D:2)
  3 big kobold zombies (Ossuary)
  A hound skeleton (D:8)
  2 mummies (Ossuary)
  6 gnolls
  15 adders
  4 shadow imps
  An ooze (D:1)
  5 adder zombies (Ossuary)
  An adder skeleton (D:4)
  3 worms (D:2)
  7 leopard geckos
  18 orcs
  A ball python (D:7)
  6 bats
  12 giant cockroaches
  3 gnoll zombies (Ossuary)
  5 goblins
  5 hobgoblins
  5 jackals
  3 quokkas
  7 frilled lizards
  A hobgoblin zombie (Ossuary)
  6 kobolds
  3 kobold zombies (Ossuary)
  5 orc zombies (Ossuary)
  5 rats
  2 butterflies (D:2)
  A fungus (D:9)
220 creatures vanquished.

Vanquished Creatures (collateral kills)
  2 yaks (D:10)
  A fire bat (Gauntlet)
  A basilisk (D:11)
  Eustachio (D:6)
  A hungry ghost (D:9)
  A porcupine (D:9)
  2 ogres
  2 centaurs
  A crocodile (D:9)
  A bullfrog (D:7)
  4 killer bees
  2 wights (D:11)
  A hound (D:5)
  An orc priest (D:4)
  An orc wizard (D:5)
  2 gnolls (D:8)
  An adder (D:1)
  An adder zombie (Ossuary)
  A leopard gecko (D:6)
  3 orcs
  A bat (D:1)
  A jackal (D:7)
  A goblin (D:3)
  An orc zombie (Ossuary)
34 creatures vanquished.

Vanquished Creatures (others)
  A hexer (Gauntlet)
  4 ancestors
  A plant (D:9)
6 creatures vanquished.

Grand Total: 260 creatures vanquished

Notes
Turn   | Place    | Note
-------+----------+-------------------------------------------
     0 | D:1      | VentiIcedCoffee the Demonspawn Gladiator began the quest
                  | for the Orb.
     0 | D:1      | Reached XP level 1. HP: 16/16 MP: 1/1
    82 | D:1      | Gained mutation: A weak demonic guardian rushes to your
                  | aid. [demonic ancestry]
    82 | D:1      | Reached XP level 2. HP: 16/22 MP: 2/2
   512 | D:1      | Gained mutation: You are partially covered in icy blue
                  | scales. (AC +2) [demonic ancestry]
   512 | D:1      | Reached XP level 3. HP: 6/27 MP: 3/3
   529 | D:1      | HP: 1/27 [poisoned by an adder]
  1299 | D:2      | Gained mutation: You are slightly more attuned to the
                  | shadows. [demonic ancestry]
  1299 | D:2      | Reached XP level 4. HP: 30/34 MP: 4/4
  1411 | D:2      | Noticed Terence
  1429 | D:2      | Killed Terence
  1792 | D:2      | Found a shimmering altar of Xom.
  2079 | D:3      | Reached skill level 1 in Short Blades
  2098 | D:3      | Reached skill level 1 in Armour
  2117 | D:3      | Reached XP level 5. HP: 35/39 MP: 5/5
  2372 | D:4      | Noticed an ogre
  2380 | D:4      | Killed an ogre
  2786 | D:4      | Found a sand-covered staircase.
  2800 | Ossuary  | Entered an ossuary
  2845 | Ossuary  | Reached skill level 2 in Short Blades
  2845 | Ossuary  | Reached skill level 1 in Shields
  2863 | Ossuary  | Reached XP level 6. HP: 26/46 MP: 6/6
  3099 | Ossuary  | Reached skill level 3 in Short Blades
  4002 | D:5      | Entered Level 5 of the Dungeon
  4012 | D:5      | Gained mutation: You are mostly covered in icy blue scales.
                  | (AC +3) [demonic ancestry]
  4012 | D:5      | Reached XP level 7. HP: 48/51 MP: 7/7
  4085 | D:5      | Reached skill level 4 in Short Blades
  4590 | D:5      | Found a glowing silver altar of Zin.
  4593 | D:5      | Found a sacrificial altar of Ru.
  4593 | D:5      | Found a hide-covered altar of Uskayaw.
  4605 | D:5      | Found a shimmering altar of Xom.
  4605 | D:5      | Found a blossoming altar of Fedhas.
  4605 | D:5      | Found an iron altar of Okawaru.
  4823 | D:6      | Found a sacrificial altar of Ru.
  4837 | D:6      | Noticed Eustachio
  4844 | D:6      | Reached skill level 5 in Short Blades
  4844 | D:6      | Reached skill level 1 in Stealth
  4844 | D:6      | Reached XP level 8. HP: 49/58 MP: 8/8
  4856 | D:6      | Killed Eustachio
  5009 | D:6      | Noticed Edmund
  5032 | D:6      | Killed Edmund
  5139 | D:6      | Reached skill level 6 in Short Blades
  5152 | D:6      | Noticed Blork the orc
  5161 | D:6      | Killed Blork the orc
  5173 | D:6      | Reached XP level 9. HP: 65/65 MP: 9/9
  5311 | D:6      | Found a glowing drain.
  5333 | Sewer    | Entered a sewer
  5697 | D:7      | Found a staircase to the Ecumenical Temple.
  5706 | Temple   | Entered the Ecumenical Temple
  5733 | Temple   | Became a worshipper of Hepliaklqana the Forgotten
  6631 | D:8      | Reached skill level 5 in Shields
  6642 | D:8      | Reached skill level 5 in Armour
  6969 | D:8      | Reached * piety under Hepliaklqana
  7117 | D:8      | Noticed a komodo dragon
  7143 | D:8      | Killed a komodo dragon
  7330 | D:8      | Reached skill level 7 in Short Blades
  7516 | D:9      | Found a staircase to the Lair.
  7538 | D:9      | Reached XP level 10. HP: 42/65 MP: 10/10
  7691 | D:9      | Noticed Joseph
  7708 | D:9      | Killed Joseph
  7942 | D:10     | Entered Level 10 of the Dungeon
  8357 | D:10     | Noticed an obsidian statue
  8365 | D:10     | Reached ** piety under Hepliaklqana
  8629 | D:11     | Reached skill level 5 in Fighting
  8798 | D:11     | Reached skill level 8 in Short Blades
  8901 | D:11     | Noticed a tengu warrior
  8903 | D:11     | Noticed a tengu warrior
  8931 | D:11     | Killed a tengu warrior
  8931 | D:11     | Reached skill level 5 in Stealth
  8936 | D:11     | Killed a tengu warrior
  8936 | D:11     | Reached skill level 5 in Maces & Flails
  8936 | D:11     | Reached XP level 11. HP: 66/72 MP: 11/11
  9279 | D:11     | Noticed Grum
  9305 | D:11     | Killed Grum
  9606 | D:12     | Found a gate leading to a gauntlet.
  9612 | Gauntlet | Entered a Gauntlet
  9612 | Gauntlet | Found a transporter.
  9614 | Gauntlet | Found a transporter.
  9616 | Gauntlet | Noticed a wizard
  9617 | Gauntlet | Found a transporter.
  9619 | Gauntlet | Found a transporter.
  9630 | Gauntlet | Remembered your ancestor Busisiwe as a hexer
  9633 | Gauntlet | Noticed an oklob plant
  9671 | Gauntlet | Found a transporter.
  9672 | Gauntlet | Noticed a fire crab
  9680 | Gauntlet | Found a transporter.
  9682 | Gauntlet | Noticed a necromancer
  9683 | Gauntlet | Found a transporter.
  9696 | Gauntlet | Found a transporter.
  9697 | Gauntlet | Found a transporter.
  9699 | Gauntlet | Noticed a sun demon
  9714 | Gauntlet | Slain by a fire bat

Skill      XL: |  1  2  3  4  5  6  7  8  9 10 |
---------------+-------------------------------+-----
Dodging        | 3 4 |  4.6
Maces & Flails | 3 5 |  5.4
Short Blades   | 1 2 3 5 6 7 8 |  8.0
Armour         | 1 2 3 4 5 6 |  6.8
Throwing       | 2 |  2.2
Shields        | 1 2 4 5 7 |  7.3
Fighting       | 3 4 5 |  5.3
Stealth        | 1 2 3 5 |  5.2
Evocations     | |  0.3

Action                   |  1- 3 |  4- 6 |  7- 9 | 10-12 || total
-------------------------+-------+-------+-------+-------++-------
Melee: Flail             |   131 |       |       |    90 ||   221
       Dagger            |     9 |   303 |   529 |   199 ||  1040
Throw: Throwing net      |       |     3 |       |       ||     3
Invok: Recall Ancestor   |       |       |       |     1 ||     1
       Ancestor Life: He |       |       |       |     1 ||     1
Evoke: Wand              |       |     1 |       |     1 ||     2
  Use: Scroll            |     4 |     5 |     2 |    12 ||    23
       Potion            |       |     1 |     1 |     6 ||     8
 Stab: Distracted        |       |     2 |     5 |     7 ||    14
       Sleeping          |       |       |    17 |     5 ||    22
       Invisible         |       |       |       |     3 ||     3
  Eat: Chunk             |     1 |       |     1 |       ||     2
       Ration            |       |     3 |     3 |     3 ||     9
Armor: Leather armour    |    42 |     4 |       |       ||    46
       Chain mail        |       |    99 |    70 |       ||   169
       Shadow dragon sca |       |       |   112 |   154 ||   266
Dodge: Dodged            |    73 |    42 |    93 |    62 ||   270
Block: Shield            |    39 |    90 |   191 |   149 ||   469
